 Dungeon Crawl Stone Soup version 0.23-a0-414-g0aa8dd0f38 (console) character file.

43 Gottschkopf the Changer (level 3, -3/28 HPs)
             Began as a Draconian Transmuter on Nov 9, 2018.
             Slain by Terence
             ... wielding a +0 mace
              (6 damage)
             ... on level 2 of the Dungeon.
             The game lasted 00:01:45 (875 turns).

Gottschkopf the Changer (Draconian Transmuter)       Turns: 875, Time: 00:01:46

Health: -3/28      AC:  5    Str: 12    XL:     3   Next: 37%
Magic:  1/6        EV: 12    Int: 14    God:
Gold:   32         SH:  0    Dex: 11    Spells: 0/6 levels left

rFire    + . .     SeeInvis .     - Unarmed
rCold    . . .     Gourm    .   (no shield)
rNeg     . . .     Faith    .   (armour unavailable)
rPois    .         Spirit   .   (helmet restricted)
rElec    .         Reflect  .   (no cloak)
rCorr    .         Harm     .   (no gloves)
MR       .....     Rnd*Tele +   (no boots)
Stlth    +.........             (no amulet)
HPRegen  0.09/turn              j - ring of protection from fire
MPRegen  0.10/turn              m - ring of teleportation (curse)

@: very slightly contaminated
A: unfitting armour, cold-blooded, AC +5
a: no special abilities


You were on level 2 of the Dungeon.
You were hungry.

You visited 1 branch of the dungeon, and saw 2 of its levels.

You collected 32 gold pieces.

Inventory:

Missiles
 a - 21 arrows
Jewellery
 j - a ring of protection from fire (left hand)
 m - a cursed ring of teleportation (right hand)
Scrolls
 b - 4 scrolls of random uselessness {unknown}
 g - a scroll of teleportation {unknown}
 h - a scroll of immolation {unknown}
 i - 4 scrolls of remove curse {unknown}
 k - a scroll of fog {unknown}
Potions
 d - 4 potions of heal wounds {unknown}
 e - a potion of lignification {unknown}
 l - a potion of cancellation {unknown}
Comestibles
 c - 2 rations
 f - 3 chunks of flesh


   Skills:
 - Level 1.1 Fighting
 - Level 1.7 Dodging
 - Level 3.0 Unarmed Combat
 - Level 2.0 Spellcasting
 + Level 3.8 Transmutations


You couldn't memorise any spells.
You knew the following spells:

 Your Spells              Type           Power        Failure   Level  Hunger
a - Beastly Appendage     Tmut           ##....       4%          1    ##.....
b - Sticks to Snakes      Tmut           ##......     8%          2    ###....
c - Spider Form           Tmut/Pois      #.........   32%         3    ####...

Your spell library contained the following spells:

 Spells                   Type           Power        Failure   Level  Hunger
 Ice Form                 Ice/Tmut       #.......     71%         4    #####..
 Blade Hands              Tmut           ##........   80%         5    ######.


Dungeon Overview and Level Annotations

Branches:
Dungeon (2/15)

Altars:

Annotations:
D:2 Terence


Innate Abilities, Weirdness & Mutations

Your plain brown scales are hard. (AC +5)
You cannot fit into any form of body armour.
You are cold-blooded and may be slowed by cold attacks.


Message History

Terence hits you with a +0 mace!
* * * LOW HITPOINT WARNING * * *
Your ball python bites Terence but does no damage.
Your ball python constricts Terence.
You hit Terence but do no damage.
Terence is heavily wounded.
Your ball python bites Terence but does no damage. x2
Your ball python constricts Terence.
Terence closely misses your ball python.
You hit Terence but do no damage.
You tail-slap Terence, but do no damage.
Terence is heavily wounded.
Your ball python bites Terence but does no damage. x2
Your ball python constricts Terence.
Your ball python bites Terence but does no damage.
You hit Terence but do no damage.
You tail-slap Terence, but do no damage.
Terence is heavily wounded.
Terence hits you with a +0 mace.
You die...

#.# #.# #.# #.#
########### # #.#
#.........# #. #.#
#.........#
..###.##.###...S.....#
...............@@....#
.).....).###....S....#
.........<.#.........#
.........#.#.........#
.........#.#....(....#
.........#
#.........#####
######....
#.............# #....
#############.# #.#


You could see Terence and 2 friendly ball pythons.

Vanquished Creatures
  A gnoll (D:1)
  A worm (D:2)
  A dart slug (D:1)
  2 leopard geckos (D:1)
  A ball python (D:1)
  A bat (D:1)
  5 goblins
  5 hobgoblins (D:1)
  A frilled lizard (D:1)
  6 kobolds (D:1)
  2 rats (D:1)
26 creatures vanquished.

Notes
Turn   | Place    | Note
-------+----------+-------------------------------------------
     0 | D:1      | Gottschkopf the Draconian Transmuter began the quest for
                  | the Orb.
     0 | D:1      | Reached XP level 1. HP: 16/16 MP: 3/3
   188 | D:1      | Reached XP level 2. HP: 19/23 MP: 3/5
   230 | D:1      | Learned a level 2 spell: Sticks to Snakes
   409 | D:1      | Reached XP level 3. HP: 23/28 MP: 4/6
   414 | D:1      | Learned a level 3 spell: Spider Form
   850 | D:2      | Noticed Terence
   875 | D:2      | Slain by Terence

Vault maps used:
D:1:      dpeg_arrival_stonehenge_8_columns
D:2:      uniq_terence, uniq_jessica

Skill      XL: |  1  2 |
---------------+-------+-----
Transmutations | 3 |  3.8
Fighting       | |  1.1
Dodging        | |  1.7
Unarmed Combat | |  3.0
Spellcasting   | |  2.0

Action                   || total
-------------------------++-------
Melee: Unarmed           ||    94
       Headbutt          ||     4
       Kick              ||    17
       Tailslap          ||     6
       Punch             ||     1
 Cast: Beastly Appendage ||    19
       Sticks to Snakes  ||     2
Armor: Skin              ||    15
Dodge: Dodged            ||    43

Table legend:
 A = Non-vault XP
 B = Vault XP
 C = Vault XP percentage of total XP
 D = Non-vault monster count
 E = Vault monster count
 F = Vault count percentage of total count
                 A         B        C        D         E       F
            +---------+---------+-------+---------+---------+-------
      Total |      62 |       0 |   0.0 |      26 |       0 |   0.0
            +---------+---------+-------+---------+---------+-------
        D:1 |      55 |       0 |   0.0 |      24 |       0 |   0.0
        D:2 |       7 |       0 |   0.0 |       2 |       0 |   0.0
            +---------+---------+-------+---------+---------+-------
